 Dungeon Crawl Stone Soup version 0.29-a0-100-g60f898f876 (webtiles) character file.

Game seed: 9236174325708244743

61 kae the Ruffian (level 3, 0/36 HPs)
             Began as a Troll Fighter on Feb 14, 2022.
             Succumbed to an adder's poison
             ... on level 2 of the Dungeon.
             The game lasted 00:00:30 (738 turns).

kae the Ruffian (Troll Fighter)                      Turns: 738, Time: 00:00:31

Health: 0/36       AC:  4    Str: 24    XL:     3   Next: 83%
Magic:  2/2        EV:  8    Int:  6    God:
Gold:   86         SH:  7    Dex:  9    Spells: 2/2 levels left

rFire   . . .      SeeInvis .     - Unarmed
rCold   . . .      Faith    .   b - +0 kite shield
rNeg    . . .      Spirit   .   a - +0 robe
rPois   .          Reflect  .   (helmet restricted)
rElec   .          Harm     .   (no cloak)
rCorr   .          Rampage  .   (gloves unavailable)
Will    .....                   (boots unavailable)
Stlth   +.........              (no amulet)
HPRegen 0.92/turn               (no ring)
MPRegen 0.08/turn               (no ring)

@: lethally poisoned (0 -> 0), attractive
A: large, unfitting armour, claws 3, regeneration 1, shaggy fur 1, tough skin 1
a: no special abilities


You were on level 2 of the Dungeon.
You visited 1 branch of the dungeon, and saw 2 of its levels.

You collected 86 gold pieces.

Inventory:

Armour
 a - a +0 robe (worn)
 b - a +0 kite shield (worn)
Scrolls
 e - 2 scrolls of teleportation
 g - a scroll of identify {unknown}
 h - a scroll of silence {unknown}
Potions
 c - a potion of might


   Skills:
 + Level 2.8 Fighting
 + Level 2.9 Dodging
 - Level 2.4 Shields
 * Level 3.3 Unarmed Combat


You had 2 spell levels left.
You didn't know any spells.
Your spell library was empty.

Dungeon Overview and Level Annotations

Branches:
Dungeon (2/15)

Altars:


Innate Abilities, Weirdness & Mutations

You are too large for most types of armour.
You have claws for hands.
Your natural rate of healing is unusually fast.
You are covered in fur. (AC +1)
You have tough skin. (AC +1)


Message History

The hobgoblin hits you.
You claw the hobgoblin!
You kill the hobgoblin!
The goblin completely misses you. The hobgoblin hits you. The adder bites you.
You closely miss the adder. The goblin hits you with a +0 dagger.
The hobgoblin barely misses you. You block the adder's attack.
You miss the adder. The goblin hits you with a +0 dagger.
The adder barely misses you. The hobgoblin hits you.
* * * LOW HITPOINT WARNING * * *
The goblin closely misses you. You block the adder's attack.
You barely miss the adder.
The goblin no longer looks unusually strong.
The hobgoblin no longer looks unusually strong.
The hobgoblin hits you but does no damage.
You block the adder's attack. The goblin hits you but does no damage.
The hobgoblin hits you.
* * * LOW HITPOINT WARNING * * *
You miss the adder. The adder bites you but does no damage.
You block the goblin's attack.
The hobgoblin hits you but does no damage.
You closely miss the adder. The adder barely misses you. The adder bites you.
* * * LOW HITPOINT WARNING * * *
The goblin closely misses you.
The hobgoblin hits you but does no damage.
It was a potion of attraction.
You feel attractive to monsters.
A goblin comes into view. It is wielding a +0 club.
The adder bites you.
* * * LOW HITPOINT WARNING * * *
You are poisoned.
The adder poisons you! The goblin hits you with a +0 dagger.
* * * LOW HITPOINT WARNING * * *
The hobgoblin misses you. The goblin is attracted toward you.
You barely miss the adder.
* * * LOW HITPOINT WARNING * * *
You feel sick. The adder bites you but does no damage.
The goblin hits you but does no damage. You block the hobgoblin's attack.
A goblin comes into view. It is wielding a +0 club.
You miss the adder.
You die...

# ## .#
#g #..
##g##
..
#ggg#.#
#@S.#
###...#
#...#
#.# #


You could see an adder, a hobgoblin and 4 goblins.

Vanquished Creatures
  Robin (D:2)
  A gnoll (D:1)
  A dart slug (D:1)
  6 bats (D:1)
  5 endoplasms (D:1)
  3 goblins
  6 hobgoblins
  3 kobolds (D:1)
  5 ball pythons (D:1)
  2 frilled lizards (D:1)
  4 rats (D:1)
37 creatures vanquished.

Notes
Turn   | Place    | Note
-------+----------+-------------------------------------------
     0 | D:1      | kae the Troll Fighter began the quest for the Orb.
     0 | D:1      | Reached XP level 1. HP: 22/22 MP: 0/0
    61 | D:1      | Reached XP level 2. HP: 29/29 MP: 1/1
   340 | D:1      | Reached XP level 3. HP: 36/36 MP: 2/2
   397 | D:1      | Reached skill level 3 in Unarmed Combat
   715 | D:2      | Noticed Robin
   722 | D:2      | Killed Robin
   737 | D:2      | HP: 1/36 [poisoned by an adder]
   738 | D:2      | Succumbed to an adder's poison

Illustrated notes

Levels and vault maps discovered:
D:1:      minmay_arrival_plants_in_alcoves, layout_loops_ring,
          hangedman_decor_slide_cut, minmay_shallow_snake_nest
D:2:      minmay_skewed_foursquare, layout_rooms, uniq_sigmund, uniq_terence,
          uniq_robin

Skill      XL: |  1  2  3 |
---------------+----------+-----
Unarmed Combat | 3 |  3.3
Fighting       | |  2.8
Dodging        | |  2.9
Shields        | |  2.4

Action                   || total
-------------------------++-------
Melee: Unarmed           ||    93
  Use: Scroll            ||     2
       Potion            ||     1
Armor: Robe              ||    34
Dodge: Dodged            ||    43
Block: Kite shield       ||    33

Table legend: (Time is in decaauts)
 A = Elapsed time spent in this place.
 B = Non-inter-level travel time spent in this place.
 C = Inter-level travel time spent in this place.
 D = Time resting spent in this place.
 E = Time spent auto-exploring this place.
 F = Levels seen in this place.
 G = Mean time per level.
                   A        B        C        D        E       F      G
               +--------+--------+--------+--------+--------+-----+--------+
         Total |    746 |    728 |     18 |      3 |    542 |   2 |  373.0 |
       Dungeon |    746 |    728 |     18 |      3 |    542 |   2 |  373.0 |
               +--------+--------+--------+--------+--------+-----+--------+

Top non-repeatable levels by time:
     D:1: 712 daAuts
     D:2: 33 daAuts
